 Dungeon Crawl Stone Soup version 0.32-a0-612-g1c984fe9d1 (webtiles) character file.

Game seed: 7370729791569337290

357 dialectric the Trooper (level 6, 0/49 HPs)
             Began as a Coglin Cinder Acolyte on Mar 5, 2024.
             Was a High Priest of Ignis.
             Splashed by a jelly's acid (4 damage)
             ... on level 5 of the Dungeon.
             The game lasted 00:02:55 (3011 turns).

dialectric the Trooper (Coglin Cinder Acolyte)      Turns: 3011, Time: 00:02:56

Health: 0/49       AC:  1    Str: 14    XL:     6   Next: 64%
Magic:  10/10      EV: 10    Int: 13    God:    Ignis [*****.]
Gold:   92         SH:  0    Dex: 12    Spells: 11/11 levels left

rFire   + . .        a - -1 hand axe (flame) {Ichio}
rCold   . . .        c - +0 dagger {Deepnoor}
rNeg    . . .        f - +0 ring mail
rPois   .            (no helmet)
rElec   .            (no cloak)
rCorr   .            (no gloves)
SInv    .            (no boots)
Will    .....        (amulet unavailable)
Stlth   +            (ring unavailable)
HPRegen 0.28/turn    (ring unavailable)
MPRegen 0.12/turn    (no gizmo)

%: no passive effects
@: lethally poisoned (0 -> -3), corroded, on berserk cooldown, slowed, revved,
very slow
A: off-hand wielding, slow wielding, warmup strikes, no jewellery
a: Invent Gizmo, Renounce Religion, Fiery Armour, Foxfire Swarm, Rising Flame


You were on level 5 of the Dungeon.
You worshipped Ignis.
Ignis was extremely pleased with you.
You visited 1 branch of the dungeon, and saw 5 of its levels.

You collected 189 gold pieces.
You spent 97 gold pieces at shops.

Inventory:

Hand Weapons
 a - a -1 hand axe of flaming (weapon) {Ichio}
 c - a +0 dagger (offhand) {Deepnoor}
Missiles
 p - 6 poisoned darts
 v - 3 curare-tipped darts (quivered)
Armour
 b - a +0 robe
 f - a +0 ring mail (worn)
 w - a +0 plate armour
Wands
 s - a wand of charming (9)
 t - a wand of warping (7)
Scrolls
 i - 2 scrolls of silence {unknown}
 j - 4 scrolls of enchant armour
 k - 3 scrolls of identify {unknown}
 l - 2 scrolls of teleportation {unknown}
 m - 5 scrolls of revelation {unknown}
 q - 2 scrolls of amnesia {unknown}
 u - a scroll of enchant weapon {unknown}
Potions
 d - a potion of lignification
 e - a potion of ambrosia {unknown}
 g - 2 potions of attraction {unknown}
 h - 2 potions of berserk rage
 n - a potion of curing {unknown}
 o - a potion of brilliance {unknown}
 r - a potion of invisibility {unknown}


   Skills:
 + Level 4.7 Fighting
 - Level 3.3 Axes
 + Level 3.0 Spellcasting
 + Level 4.3 Fire Magic


You had 11 spell levels left.
You didn't know any spells.
Your spell library contained the following spells:

 Spells                   Type           Power      Damage    Failure   Level
 Scorch                   Fire           26%        2d6       12%         2
 Mercury Vapours          Alch/Air       2%         N/A       56%         2
 Mephitic Cloud           Conj/Alch/Air  1%         N/A       80%         3
 Freezing Cloud           Conj/Ice/Air   0%         6-21      100%        5


Dungeon Overview and Level Annotations

Branches:
Dungeon (5/15)
 Temple: D:4-7

Altars:
Fedhas
Kikubaaqudgha
Okawaru
Uskayaw

Shops:
D:2 :   D:3 *

Annotations:
D:4 Eustachio


Innate Abilities, Weirdness & Mutations

You can wield a second weapon in your off-hand.
It takes a long time for you to wield or remove held weapons.
Your first few attacks do less damage.
You cannot equip rings or amulets.


Message History

A sleepcap comes into view.
* * * LOW HITPOINT WARNING * * *
You feel very sick.
You see here a water moccasin corpse.
Unknown command.
It was a potion of berserk rage.
A red film seems to cover your vision as you go berserk!
You feel yourself moving faster!
You feel mighty!
You feel very sick.
A jelly comes into view.
You feel a strong urge to attack something.
You feel sick.
The jelly quivers.
You see here a curare-tipped dart.
v - 3 curare-tipped darts (gained 1)
You feel sick.
You feel your anger nearly subside.
You feel sick.
You see here a wand of polymorph (4).
You slash the sleepcap with your -1 hand axe of flaming!
You burn the sleepcap.
The sleepcap is heavily damaged.
You hit the sleepcap but do no damage.
You feel sick.
The sleepcap releases spores at you but does no damage.
You slash the sleepcap with your -1 hand axe of flaming!
You burn the sleepcap.
The sleepcap is almost destroyed.
You hit the sleepcap with your +0 dagger.
You destroy the sleepcap!
You are no longer berserk.
You are exhausted.
You feel yourself slow down.
You feel sick.
You hit the jelly with your +0 dagger. The acid corrodes you!
Your graspers burn!
* * * LOW HITPOINT WARNING * * *
The jelly is lightly wounded.
You hit the jelly with your -1 hand axe of flaming.
You burn the jelly.
Your graspers burn!
You die...
Ignis goes out, and joins you in death.

##...#...#
##...###...
#..........
#..#.).).#.
####.##.._..#
##..†..#.).).#
##..............
#..../....###...
#....@.....# ...
#....J.......
#.............
#.............
##...........
##.....#....
###########


You could see a jelly.

Vanquished Creatures
  A water moccasin (D:5)
  A sleepcap (D:5)
  2 iguanas (D:5)
  Natasha (thrice) (D:2)
  4 adders
  2 dart slugs
  A ribbon worm (D:2)
  2 orcs (D:3)
  7 bats
  6 endoplasms
  4 giant cockroaches
  3 goblins
  6 hobgoblins
  7 kobolds
  3 quokkas (D:2)
  6 ball pythons
  5 frilled lizards
  5 rats
68 creatures vanquished.

Notes
Turn   | Place    | Note
-------+----------+-------------------------------------------
     0 | D:1      | dialectric the Coglin Cinder Acolyte began the quest for
                  | the Orb.
     0 | D:1      | Reached XP level 1. HP: 18/18 MP: 2/2
   210 | D:1      | Reached XP level 2. HP: 24/24 MP: 3/3
   894 | D:2      | Reached XP level 3. HP: 25/29 MP: 5/5
   950 | D:2      | Found Zeceewau's Book Boutique.
  1342 | D:2      | Noticed Natasha
  1349 | D:2      | Killed Natasha
  1350 | D:2      | Reached XP level 4. HP: 8/36 MP: 6/6
  1493 | D:2      | Noticed Natasha
  1507 | D:2      | Killed Natasha
  1587 | D:2      | Noticed Natasha
  1592 | D:2      | Killed Natasha
  1593 | D:2      | Reached XP level 5. HP: 42/42 MP: 8/8
  1891 | D:3      | Found a hide-covered altar of Uskayaw.
  1891 | D:3      | Found an ancient bone altar of Kikubaaqudgha.
  1986 | D:3      | Found a blossoming altar of Fedhas.
  2536 | D:3      | Found Zeceewau's General Store.
  2544 | D:3      | Bought a scroll of enchant armour for 97 gold pieces
  2688 | D:4      | Noticed Eustachio
  2769 | D:5      | Entered Level 5 of the Dungeon
  2925 | D:5      | Reached XP level 6. HP: 33/49 MP: 8/10
  2982 | D:5      | Found an iron altar of Okawaru.
  2989 | D:5      | Noticed a water moccasin
  3002 | D:5      | Killed a water moccasin
  3011 | D:5      | Splashed by a jelly's acid

Illustrated notes

Levels and vault maps discovered:
D:1:      wander_arrival_lonely_grave, layout_loops_corners
D:2:      layout_loops_ring, serial_shops, nicolae_book_shop_shelving,
          minmay_unequal, uniq_natasha
D:3:      layout_loops_corners, mainiacjoe_overflow_six_doors_small,
          gammafunk_temple_overflow_pools, serial_shops,
          nicolae_shop_pleasant_corner_grove, serial_glass, glass_columns_b,
          glass_columns_b
D:4:      layout_gridville, mainiacjoe_overflow_surrounded_room,
          chequers_serial_rivers_micro_b, uniq_menkaure, uniq_eustachio
D:5:      minmay_clustersquares, layout_rooms, okawaru_ov_weapons_minmay,
          minmay_temple_entry_grid, uniq_sigmund

Skill      XL: |  1  2  3  4  5  6 |
---------------+-------------------+-----
Fire Magic     | 3 4 |  4.3
Spellcasting   | 2 3 |  3.0
Fighting       | 4 |  4.7
Axes           | |  3.3

Action                     |  1- 3 |  4- 6 || total
---------------------------+-------+-------++-------
  Melee: Hand axe          |    78 |   118 ||   196
         Dagger            |    73 |   109 ||   182
  Throw: Dart              |       |     2 ||     2
    Use: Potion            |       |     2 ||     2
 Armour: Robe              |     7 |       ||     7
         Ring mail         |    64 |    83 ||   147
         Skin              |       |    22 ||    22
  Dodge: Dodged            |    43 |    62 ||   105

Table legend: (Time is in decaauts)
 A = Elapsed time spent in this place.
 B = Non-inter-level travel time spent in this place.
 C = Inter-level travel time spent in this place.
 D = Time resting spent in this place.
 E = Time spent auto-exploring this place.
 F = Levels seen in this place.
 G = Mean time per level.
                   A        B        C        D        E       F      G
               +--------+--------+--------+--------+--------+-----+--------+
         Total |   3029 |   2917 |    112 |    223 |   2181 |   5 |  605.8 |
       Dungeon |   3029 |   2917 |    112 |    223 |   2181 |   5 |  605.8 |
               +--------+--------+--------+--------+--------+-----+--------+

Top non-repeatable levels by time:
     D:3: 942 daAuts
     D:2: 905 daAuts
     D:1: 889 daAuts
     D:5: 241 daAuts
     D:4: 50 daAuts
